 Dungeon Crawl Stone Soup version 0.31.0-12-g77e489cdc1 (webtiles) character file.

Game seed: 1687630711203837284

473 ChromefareZ the Trooper (level 6, -1/57 HPs)
             Began as a Minotaur Berserker on Feb 20, 2024.
             Was a Believer of Trog.
             Killed from afar by an orc wizard (4 damage)
             ... with a puff of flame
             ... on level 4 of the Dungeon.
             The game lasted 00:16:59 (2805 turns).

ChromefareZ the Trooper (Minotaur Berserker)        Turns: 2805, Time: 00:16:59

Health: -1/57      AC:  3    Str: 23    XL:     6   Next: 84%
Magic:  1/1        EV: 12    Int:  4    God:    Trog [**....]
Gold:   179        SH:  0    Dex: 10    Spells: 5/5 levels left

rFire   . . .        q - +2 hand axe (antimagic)
rCold   . . .        (no shield)
rNeg    . . .        k - +0 leather armour
rPois   .            (helmet restricted)
rElec   .            (no cloak)
rCorr   .            (no gloves)
SInv    .            (no boots)
Will    .....        (no amulet)
Stlth   +            n - ring of flight
HPRegen 0.29/turn    (no ring)
MPRegen 0.07/turn

%: no passive effects
@: flying
A: horns 2, retaliatory headbutt
a: Renounce Religion, Berserk, Trog's Hand


You were on level 4 of the Dungeon.
You worshipped Trog.
Trog was pleased with you.
You visited 1 branch of the dungeon, and saw 4 of its levels.

You collected 179 gold pieces.

Inventory:

Hand Weapons
 a - a +0 hand axe
 j - a +0 sling
 o - a +1 dagger of draining
 q - a +2 antimagic hand axe (weapon)
Missiles
 e - 53 stones (quivered)
Armour
 b - a +0 animal skin
 k - a +0 leather armour (worn)
Jewellery
 d - a ring of fire
 n - a ring of flight (left hand)
Scrolls
 c - 5 scrolls of identify {unknown}
 f - 2 scrolls of amnesia {unknown}
 g - a scroll of enchant armour {unknown}
 i - a scroll of fog {unknown}
 p - a scroll of immolation {unknown}
Potions
 h - a potion of curing {unknown}
 l - a potion of magic {unknown}
 m - a potion of haste {unknown}
 r - a potion of might {unknown}


   Skills:
 + Level 6.0 Fighting
 + Level 1.2 Short Blades
 + Level 5.6 Axes
 + Level 3.8 Armour
 + Level 4.3 Dodging
 + Level 0.5 Stealth


You had 5 spell levels left.
You didn't know any spells.
Your spell library was empty.

Dungeon Overview and Level Annotations

Branches:
Dungeon (4/15)
 Temple: D:4-7

Altars:
Ru
Yredelemnul


Innate Abilities, Weirdness & Mutations

You have a pair of horns on your head.
You reflexively headbutt those who attack you in melee.


Message History

The orc wizard points at you and mumbles some strange words.
The magic dart hits you!
You slash the orc wizard!
The orc wizard's magic leaks into the air.
The orc wizard is heavily wounded.
You barely miss the orc priest. You closely miss the orc priest.
The orc priest casts a cantrip, but nothing happens.
The orc priest begins to cast a cantrip, but forgets the words!
The orc wizard hits you with a +0 dagger.
You bump into the tree.
The orc wizard points at you and mumbles some strange words.
The puff of flame hits you!
The orc priest begins to cast a cantrip, but forgets the words!
The orc priest completely misses you.
You closely miss the orc wizard. Your headbutt misses the orc wizard.
The orc wizard is heavily wounded.
You slash the orc priest! You hit the orc priest.
You feel less confused. The orc priest hits you with a +0 whip.
The orc priest hits you with a +0 dagger.
The orc priest mumbles some strange prayers to Beogh against you.
Beogh smites you!
* * * LOW HITPOINT WARNING * * *
The orc wizard hits you with a +0 dagger.
* * * LOW HITPOINT WARNING * * *
The orc priest attacks as it pursues you!
The orc priest hits you with a +0 whip.
* * * LOW HITPOINT WARNING * * *
The orc priest looks braver for a moment.
The orc priest calls upon Beogh to heal the orc priest.
The orc priest's wounds heal themselves!
The orc priest attacks as it pursues you!
The orc priest hits you with a +0 whip.
* * * LOW HITPOINT WARNING * * *
The orc wizard's magic is no longer disrupted.
The orc priest calls upon Beogh to heal the orc wizard.
The orc wizard is healed somewhat.
The orc wizard gestures at you while chanting.
The puff of flame hits you.
You die...

#.....♣♣♣......♣ ....
#..>..♣♣..PP♣#.♣
♣♣#...
######♣P.P.♣♣..♣ .♣...
♣♣♣
♣.P.♣♣...♣♣♣.♣..##....
♣.P♣♣....♣♣.♣♣.....♣
♣.♣♣......♣.♣♣...#
#.......)...oo...#
#..........o.....#
#......<@.o......#
#......>.........#
##..............##
##.....##.....##
##############


You could see 3 orc priests and an orc wizard.

Vanquished Creatures
  2 ogres (D:4)
  A bombardier beetle (D:3)
  2 orc priests (D:4)
  An iguana (D:4)
  6 gnolls
  6 adders
  2 ribbon worms
  5 dart slugs
  2 orcs (D:4)
  2 endoplasms
  A giant cockroach (D:1)
  3 goblins (D:2)
  8 hobgoblins
  9 jackals
  3 quokkas
  5 ball pythons
  2 bats
  2 frilled lizards (D:3)
  5 kobolds
  A rat (D:2)
68 creatures vanquished.

Notes
Turn   | Place    | Note
-------+----------+-------------------------------------------
     0 | D:1      | ChromefareZ the Minotaur Berserker began the quest for the
                  | Orb.
     0 | D:1      | Reached XP level 1. HP: 19/19 MP: 0/0
   191 | D:1      | Reached XP level 2. HP: 19/27 MP: 1/1
   323 | D:1      | Reached skill level 4 in Fighting
   746 | D:2      | Reached XP level 3. HP: 34/34 MP: 2/2
   907 | D:2      | Reached ** piety under Trog
   912 | D:2      | Reached XP level 4. HP: 41/41 MP: 3/3
  1283 | D:2      | Reached skill level 5 in Fighting
  1822 | D:3      | Found a sacrificial altar of Ru.
  1871 | D:3      | Reached XP level 5. HP: 45/48 MP: 4/4
  2008 | D:3      | Found a basalt altar of Yredelemnul.
  2536 | D:4      | Noticed an ogre
  2641 | D:4      | Reached skill level 5 in Axes
  2642 | D:4      | Reached XP level 6. HP: 57/57 MP: 5/5
  2679 | D:4      | Reached skill level 1 in Short Blades
  2779 | D:4      | Reached skill level 6 in Fighting
  2802 | D:4      | HP: 2/57 [orc priest/+0 whip (3)]
  2805 | D:4      | Killed from afar by an orc wizard

Illustrated notes

Levels and vault maps discovered:
D:1:      dpeg_arrival_simpleton_c, layout_basic,
          nicolae_kite_square_tiling_tiny
D:2:      layout_loops_cross
D:3:      layout_loops_ring, mainiacjoe_overflow_catwalk,
          yredelemnul_altar_generic
D:4:      layout_rooms, serial_forest, infiniplex_forest_zigzag_1,
          infiniplex_forest_lined_1, infiniplex_forest_clump_double,
          infiniplex_forest_end_3, infiniplex_forest_straight_3,
          infiniplex_forest_corner_2, infiniplex_forest_straight_4,
          infiniplex_forest_clump_C, infiniplex_forest_straight_4,
          infiniplex_forest_straight_2

Skill      XL: |  1  2  3  4  5  6 |
---------------+-------------------+-----
Axes           | 4 5 |  5.6
Fighting       | 4 5 6 |  6.0
Dodging        | 3 4 |  4.3
Armour         | 3 |  3.8
Short Blades   | 1 |  1.2
Stealth        | |  0.5

Action                     |  1- 3 |  4- 6 || total
---------------------------+-------+-------++-------
  Melee: Hand axe          |    57 |    60 ||   117
         Headbutt          |     6 |    18 ||    24
         Dagger            |       |    41 ||    41
         Punch             |       |     1 ||     1
 Invoke: Berserk           |     1 |     2 ||     3
 Armour: Animal skin       |    41 |     7 ||    48
         Leather armour    |       |    52 ||    52
  Dodge: Dodged            |    38 |    65 ||   103
